 Dungeon Crawl Stone Soup version 0.23-a0-301-g9da9e51 (webtiles) character file.

541877 CozyGlow the Conqueror (level 26, -28/292 HPs)
             Began as a Hill Orc Fighter on Oct 6, 2018.
             Was a High Priest of the Shining One.
             Killed from afar by a Hell Sentinel (34 damage)
             ... with damnation
             ... while paralysed
             ... on level 7 of the Iron City of Dis on Oct 7, 2018.
             The game lasted 05:22:53 (63158 turns).

CozyGlow the Conqueror (Hill Orc Fighter)          Turns: 63158, Time: 05:22:54

Health: -28/292    AC: 38    Str: 34    XL:     26   Next: 57%
Magic:  21/38      EV:  2    Int:  8    God:    the Shining One [*****.]
Gold:   4121       SH:  0    Dex: 15    Spells: 25/25 levels left

rFire    + + .     SeeInvis .   a - +8 long sword (holy) {Light's Hope}
rCold    . . .     Gourm    .   c - +5 shield
rNeg     + + .     Faith    .   v - +1 gold dragon scales
rPois    +         Spirit   .   d - +2 helmet
rElec    .         Reflect  .   t - +1 cloak {rPois}
rCorr    .         Harm     .   V - +0 pair of gloves {Dex+3}
MR       +++..                  R - +2 pair of boots {Fly}
Stlth    ..........             S - amulet of rage {+Rage, !d}
HPRegen  0.58/turn              W - ring "Naarr" {rF++ rC- Stlth+}
MPRegen  0.26/turn              w - ring of Wyhiw {rF- MR++ EV+2 Str+5}

@: paralysed, divine shield, berserk cooldown, slowed, glowing
A: hooves 1, sense surroundings 1, robust 1, subdued magic 1
}: 2/15 runes: obsidian, gossamer
a: Divine Shield, Cleansing Flame, Summon Divine Warrior, Renounce Religion,
Evoke Berserk Rage, Evoke Flight


You were on level 7 of the Iron City of Dis.
You worshipped the Shining One.
The Shining One was extremely pleased with you.
You were not hungry.

You visited 9 branches of the dungeon, and saw 46 of its levels.
You visited the Abyss 1 time.
You also visited: Ossuary and Ice Cave.

You collected 6061 gold pieces.
You spent 1940 gold pieces at shops.

Inventory:

Hand Weapons
 a - a +8 long sword of holy wrath (weapon) {Light's Hope}
Armour
 c - a +5 shield (worn)
 d - a +2 helmet (worn)
   (You found it on level 4 of the Dungeon)
 h - a +2 shield
   (You took it off a tengu warrior on level 2 of the Depths)
 r - a +0 pair of boots of running
   (You found it on level 3 of the Depths)
 t - a +1 cloak of poison resistance (worn)
   (You took it off Crazy Yiuf on level 7 of the Dungeon)
 v - +1 gold dragon scales (worn)
   (You found it on level 2 of the Depths)
 A - +0 fire dragon scales
   (You found it on level 2 of the Depths)
 B - +0 ice dragon scales
   (You found it on level 3 of the Depths)
 R - a +2 pair of boots of flying (worn)
   (You found it on level 4 of the Lair of Beasts)
 V - a +0 pair of gloves of dexterity (worn)
   (You found it in an ice cave)
Magical Staves
 H - a cursed staff of poison {rPois}
   (You found it on level 3 of the Depths)
Jewellery
 b - an uncursed amulet of guardian spirit {Spirit}
   (You took it off a balrug on level 7 of Gehenna)
 w - the ring of Wyhiw (right hand) {rF- MR++ EV+2 Str+5}
   (You found it in an ice cave)

   [ring of evasion]

   It affects your evasion (+2).
   It affects your strength (+5).
   It makes you vulnerable to fire.
   It affects your resistance to hostile enchantments.
 y - an uncursed ring of fire {rF+, rC-}
   (You took it off a yaktaur on level 2 of the Depths)
 C - an uncursed ring of poison resistance {rPois, !d}
   (You took it off a yaktaur on level 3 of the Depths)
 S - an amulet of rage (around neck) {+Rage, !d}
   (You found it on level 8 of the Dungeon)
 W - the ring "Naarr" (left hand) {rF++ rC- Stlth+}
   (You found it on level 11 of the Dungeon)

   [ring of stealth]

   It greatly protects you from fire.
   It makes you vulnerable to cold.
   It makes you more stealthy.
Wands
 g - a wand of acid (18)
   (You found it on level 4 of the Dungeon)
 l - a wand of digging (24)
   (You took it off Maurice on level 8 of the Dungeon)
 J - a wand of paralysis (39)
   (You took it off an orc on level 7 of the Dungeon)
 K - a wand of disintegration (34)
   (You found it on level 1 of the Spider Nest)
 U - a wand of polymorph (21)
   (You found it on level 1 of the Lair of Beasts)
Scrolls
 k - 3 scrolls of identify
 m - 2 scrolls of brand weapon
 D - 8 scrolls of amnesia
 I - 20 scrolls of remove curse
 X - 3 scrolls of fog
 Z - a scroll of silence
Potions
 f - 3 potions of mutation {!q}
 i - 3 potions of haste
 o - 6 potions of curing
 q - 3 potions of magic
 s - 3 potions of resistance
 u - 7 potions of cancellation
 x - 3 potions of lignification {!q}
 F - 6 potions of brilliance
 L - a potion of agility
 N - 4 potions of might
Miscellaneous
 j - a phial of floods
   (You found it on level 11 of the Dungeon)
 p - a sack of spiders
 z - a crystal ball of energy
   (You found it on level 2 of the Spider Nest)
 E - a box of beasts
 G - a fan of gales
   (You found it on level 5 of the Lair of Beasts)
Comestibles
 e - 29 rations


   Skills:
 O Level 27 Fighting
 + Level 20.6 Long Blades
 * Level 22.0 Armour
 - Level 4.9 Dodging
 - Level 3.4 Stealth
 - Level 16.2 Shields
 * Level 23.5 Invocations
 - Level 8.0 Evocations


You had 25 spell levels left.
You didn't know any spells.
Your spell library contained the following spells:

 Spells                   Type           Power        Failure   Level  Hunger
 Animate Skeleton         Necr           N/A          95%         1    ##.....
 Confusing Touch          Hex            #.....       95%         1    ##.....
 Corona                   Hex            #......      95%         1    ##.....
 Infusion                 Chrm           #...         95%         1    ##.....
 Pain                     Necr           #...         95%         1    ##.....
 Sandblast                Erth           #.....       95%         1    ##.....
 Blink                    Tloc           N/A          99%         2    ###....
 Passwall                 Tmut/Erth      #.......     99%         2    ###....
 Shroud of Golubria       Chrm/Tloc      #.........   99%         2    ###....
 Slow                     Hex            #.......     99%         2    ###....
 Song of Slaying          Chrm           #.......     99%         2    ###....
 Swiftness                Chrm/Air       #.......     99%         2    ###....
 Throw Frost              Conj/Ice       #.....       99%         2    ###....
 Confuse                  Hex            #.......     100%        3    ####...
 Gell's Gravitas          Tloc           #.........   100%        3    ####...
 Inner Flame              Hex/Fire       #.......     100%        3    ####...
 Lesser Beckoning         Tloc           #.........   100%        3    ####...
 Portal Projectile        Hex/Tloc       #.....       100%        3    ####...
 Regeneration             Chrm/Necr      #.........   100%        3    ####...
 Spectral Weapon          Hex/Chrm       #.......     100%        3    ####...
 Stone Arrow              Conj/Erth      #.....       100%        3    ####...
 Teleport Other           Tloc           #.......     100%        3    ####...
 Vampiric Draining        Necr           #.........   100%        3    ####...
 Animate Dead             Necr           N/A          100%        4    #####..
 Cause Fear               Hex            #.........   100%        4    #####..
 Force Lance              Conj/Tloc      #.......     100%        4    #####..
 Leda's Liquefaction      Hex/Erth       #.........   100%        4    #####..
 Olgreb's Toxic Radiance  Pois           #.......     100%        4    #####..
 Passage of Golubria      Tloc           N/A          100%        4    #####..
 Petrify                  Tmut/Erth      #.......     100%        4    #####..
 Lee's Rapid Deconstruct  Erth           #.........   100%        5    ######.
 Metabolic Englaciation   Hex/Ice        #.........   100%        5    ######.
 Silence                  Hex/Air        #.........   100%        5    ######.
 Yara's Violent Unravell  Hex/Tmut       #.........   100%        5    ######.
 Deflect Missiles         Chrm/Air       #.........   100%        6    #######
 Dispersal                Tloc           #.........   100%        6    #######
 Freezing Cloud           Conj/Ice/Air   #.........   100%        6    #######
 Ring of Flames           Chrm/Fire      #.........   100%        7    #######
 Controlled Blink         Tloc           N/A          100%        8    #######
 Discord                  Hex            #.........   100%        8    #######
 Disjunction              Tloc           #.........   100%        8    #######


Dungeon Overview and Level Annotations

Branches:
Dungeon (15/15)            Temple (0/1) D:6            Lair (6/6) D:9
 Shoals (0/4) Lair:4       Spider (4/4) Lair:4        Slime (0/5) Lair:6
    Orc (2/2) D:11            Elf (1/3) Orc:2        Vaults (0/5) D:13
 Depths (3/5) D:15           Hell (1/1)                 Dis (7/7) Hell
    Geh (7/7) Hell            Coc (0/7) Hell            Tar (0/7) Hell

Altars:
Cheibriados
Dithmenos
Gozag
Hepliaklqana
Kikubaaqudgha
Nemelex Xobeh
Okawaru
Qazlal
Ru
Sif Muna
Trog
Wu Jian
Yredelemnul
Zin
The Shining One

Shops:
D:10 :   D:13 :   Orc:1 (   Orc:2 %[(   Depths:3 }==

Portals:
Hell: Depths:1 Depths:2 Depths:3
Abyss: Depths:1 Depths:3
Pandemonium: Depths:3
Ziggurat: Depths:2

Annotations:
Lair:3 1 runed door, exclusion: 4 oklob plants, cloyd's ghost, journeyman MiFi
Lair:4 2 transporters
Lair:6 exclusion: 2 oklob plants
Depths:1 3 runed doors
Depths:2 1 exclusion
Depths:3 2 exclusions
Dis:7 Dispater


Innate Abilities, Weirdness & Mutations

You have large cloven feet.
You passively map a small area around you.
You are robust. (+10% HP)
Your spells are a little easier to cast, but a little less powerful.


Message History

The ancient champion hits your daeva with a battleaxe of draining!!
Your daeva dies!
The ancient champion hits your larval weirdsting beast with a battleaxe of The ancient champion drains your larval weirdsting beast!
An Ice Fiend comes into view.
The ancient champion gestures at your larval weirdsting beast while chanting.
The stone arrow hits your larval weirdsting beast.
Your larval weirdsting beast dies!
Your larval weirdsting beast's corpse disappears in a puff of smoke!
Okay, then.
As you read the scroll of fear, it crumbles to dust.
You assume a fearsome visage.
The ancient champion is unaffected.
The Ice Fiend is unaffected.
You block the ancient champion's attack.
You are momentarily dazzled by a brilliant light.
You feel somewhat more hungry.
You block the ancient champion's attack. x2
You now have 14/38 mp.
A red film seems to cover your vision as you go berserk!
You feel yourself moving faster!
You feel mighty!
You are fainting from starvation!
You block the ancient champion's attack.
You now have 137/438 hp.
You hit the ancient champion.
The ancient champion convulses.
You hit the ancient champion but do no damage.
The ancient champion barely misses you.
You riposte.
You slice the ancient champion!!
You destroy the ancient champion!
The Shining One accepts your kill.
You feel better.
You regained 28 hp, and now have 165/438 hp.
The ancient champion hits you with a battleaxe of freezing!
The ancient champion freezes you.
You block the Hell Sentinel's attack. x2
Things that are here:
a battleaxe of draining; a chain mail You take 21 damage, and have 144/438 hp.
You slash the ancient champion!
The ancient champion convulses.
You block the ancient champion's attack.
Your daeva calls down the wrath of the Shining One upon the ancient champion.
The ancient champion is smitten.
You swap places.
Your daeva blocks the Hell Sentinel's attack.
The Hell Sentinel hits your daeva.
You swap places.
You feel a strong urge to attack something.
You block the ancient champion's attack.
Things that are here:
a battleaxe of draining; a chain mail You slash the ancient champion!
The ancient champion convulses!
The Hell Sentinel hits you but does no damage.
The Hell Sentinel hits you.
The ancient champion hits you with a battleaxe of freezing!
The ancient champion freezes you.
* * * LOW HITPOINT WARNING * * *
You take 19 damage, and have 127/438 hp.
You hit the ancient champion but do no damage.
You slash the ancient champion!
The ancient champion convulses!
You block the ancient champion's attack.
The Hell Sentinel hits you.
* * * LOW HITPOINT WARNING * * *
You block the Hell Sentinel's attack.
You take 3 damage, and have 125/438 hp.
You slice the ancient champion!!
You destroy the ancient champion!
The Shining One accepts your kill.
You feel better.
You feel your power returning.
The Shining One blesses your daeva with more time in this world.
Your daeva calls down the wrath of the Shining One upon the Hell Sentinel.
The Hell Sentinel is smitten.
You regained 10 hp, and now have 135/438 hp.
You regained 5 mp, and now have 20/38 mp.
You eat one of the 30 rations.
That ration really hit the spot!
You are no longer berserk.
You pass out from exhaustion.
You feel yourself slow down.
A hellion comes into view.
The Hell Sentinel completely misses you.
The Hell Sentinel hits you but does no damage.
The Ice Fiend calls on the powers of darkness!
Your body is wracked with pain!
* * * LOW HITPOINT WARNING * * *
The hellion gestures at you.
The sphere of damnation explodes!
The damnation engulfs you!
* * * LOW HITPOINT WARNING * * *
The damnation engulfs your daeva.
The damnation engulfs the Hell Sentinel.
The Hell Sentinel completely resists.
The Hell Sentinel barely misses you.
The Hell Sentinel hits you but does no damage.
You hear a shout!
You hear a screech!
The Hell Sentinel hits you but does no damage. x2
The hellion gestures at you.
The sphere of damnation explodes!
The damnation engulfs you!
* * * LOW HITPOINT WARNING * * *
The damnation engulfs your daeva.
The damnation engulfs the Hell Sentinel.
The Hell Sentinel completely resists.
The Hell Sentinel gestures at you.
The sphere of damnation explodes!
The damnation engulfs you!
You die...

...................≈≈≈≈#
...................≈≈≈≈#
#################..≈≈≈≈#
#..≈≈≈≈# * * * *
#####..≈≈≈≈##### , ,,
................# , , ,
................# , ,
..#########.....# ,.
#}A@)...#.....# , ,
####1##.#.....# ** #...1.#
#.....# * ##########...1.#
#.)...#
,,.........####'####.....#
*####.........Z1..##.......#
##.....#..#..#..#2###......#
#.................##)).....#
....1.............###......#


You could see a Hell Sentinel, a Brimstone Fiend, an Ice Fiend, a hellion and a
friendly daeva.

Vanquished Creatures
  Asmodeus (Geh:7)
  Frederick (Depths:3)
  Margery (Depths:3)
  2 golden dragons
  A bone dragon (Depths:2)
  Arachne (Spider:2)
  21 Brimstone Fiends
  6 iron giants
  A Tzitzimitl (Dis:1)
  7 liches
  3 Ice Fiends
  Rupert (Spider:1)
  Asterion (Spider:4)
  A titan (Depths:3)
  A quicksilver dragon (Depths:2)
  2 Executioners
  A tentacled starspawn (Abyss:3)
  11 ancient champions
  Agnes (Spider:1)
  Kirke (Lair:4)
  2 tengu reavers
  5 shadow dragons
  5 fire giants
  3 iron dragons (Dis:7)
  11 balrugs
  6 emperor scorpions (Spider:4)
  3 cacodemons
  5 ghost moths (Spider:4)
  6 very ugly things
  Louise (Depths:3)
  7 stone giants
  A spriggan defender (Depths:3)
  5 war gargoyles (Dis:7)
  36 reapers
  2 entropy weavers
  Nessos (Lair:4)
  2 vampire knights (Depths:1)
  2 lorocyprocas
  Azrael (D:13)
  A deep elf demonologist (Depths:2)
  4 blizzard demons
  2 deep elf death magi
  A green death (Dis:4)
  4 ettins
  4 quicksilver dragon zombies
  3 jiangshi
  A yaktaur captain (Depths:3)
  4 fire dragons
  4 deep elf high priests
  Josephine (D:12)
  2 ice dragons (Depths:3)
  A hydra (Lair:5)
  3 ogre magi
  4 great orbs of eyes
  5 quicksilver dragon skeletons
  2 rakshasas (Depths:1)
  2 spriggan air magi
  Erolcha (D:11)
  6 centaur warriors
  2 dancing weapons (Elf:1)
  48 hell hogs
  5 deep troll shamans
  14 two-headed ogres
  6 deep troll earth magi
  10 tengu warriors
  A vampire mage (Depths:2)
  Urug (D:13)
  5 titan zombies
  5 orc high priests
  8 spriggan berserkers
  14 sun demons
  4 deep elf knights (Elf:1)
  An iron troll (Depths:1)
  5 storm dragon zombies
  4 soul eaters
  An iron golem (Geh:3)
  A fire crab (Lair:5)
  55 hell knights
  5 unseen horrors
  3 storm dragon skeletons
  65 skeletal warriors
  A wizard (D:15)
  A shadow demon (Geh:2)
  2 glowing orange brains
  2 quicksilver dragon simulacra (Depths:2)
  3 anaconda zombies
  A golden dragon zombie (Dis:1)
  3 deep elf archers (Elf:1)
  2 ghost moth zombies
  18 deep trolls
  A death drake (Lair:5)
  An orange crystal statue (Depths:3)
  6 flayed ghosts
  A kraken simulacrum (Hell)
  Pikel (D:8)
  2 phantasmal warriors
  A golden dragon skeleton (Geh:7)
  2 anaconda skeletons
  10 necromancers
  9 orc knights
  A lindwurm (Lair:2)
  The ghost of Deeps the Cleaver, a novice MiMo (D:7)
  18 orb spiders
  6 iron dragon zombies
  6 frost giant zombies
  15 ugly things
  9 wolf spider zombies
  8 orc sorcerers
  3 manticores
  3 fire giant zombies
  12 deep elf magi
  4 stone giant zombies
  A shadow dragon skeleton (Geh:5)
  21 wolf spiders
  An oklob plant (D:14)
  10 cyclopes
  2 iron dragon skeletons
  A moth of wrath (shapeshifter) (Depths:1)
  4 torpor snails
  28 rust devils
  4 dire elephant zombies
  3 shock serpent zombies
  Maurice (D:8)
  12 spiny frogs
  4 frost giant skeletons
  A guardian serpent (Lair:6)
  4 elephants (Lair:4)
  A fire giant skeleton (Geh:7)
  3 ice statues
  Joseph (D:8)
  14 molten gargoyles
  8 black mambas
  5 dire elephant skeletons
  3 shock serpent skeletons
  2 emperor scorpion zombies
  2 orange demons (Hell)
  A gargoyle (D:13)
  4 smoke demons
  2 catoblepas zombies (Geh:6)
  8 komodo dragons
  8 efreet
  28 hellions
  A rime drake (Lair:3)
  8 demonic crawlers
  9 freezing wraiths
  5 anaconda simulacra
  A kobold demonologist (D:15)
  14 yaktaurs
  A golden dragon simulacrum (IceCv)
  2 tengu conjurers (Depths:2)
  34 tormentors
  17 ice devils
  A harpy zombie (Dis:1)
  A merfolk (shapeshifter) (Depths:2)
  3 hydra zombies
  30 red devils
  A jumping spider (shapeshifter) (Elf:1)
  28 jumping spiders
  A queen bee (Lair:1)
  8 trolls
  A harpy skeleton (Geh:6)
  4 hydra skeletons
  3 meliai (D:15)
  A snapping turtle (Lair:5)
  11 hippogriffs
  5 hornets
  16 blink frogs
  2 fire dragon zombies
  A slime creature (Depths:3)
  A hippogriff (shapeshifter) (D:14)
  2 alligator zombies
  4 ice dragon zombies
  An air elemental (Elf:1)
  70 flying skulls
  2 spriggans
  24 shadows
  5 water elementals
  62 redbacks
  3 ettin skeletons
  34 wraiths
  13 wyverns
  4 dire elephant simulacra (IceCv)
  3 black mamba zombies
  5 fire dragon skeletons
  A hog (Lair:4)
  36 tarantellas
  An ice dragon skeleton (Geh:6)
  2 black mamba skeletons
  A ynoxinul (Abyss:3)
  21 fire elementals
  3 fire bats (Geh:3)
  3 hungry ghosts
  A steam dragon (D:13)
  26 yaks
  A basilisk (D:15)
  11 vampire mosquitoes
  16 humans (D:13)
  5 wargs
  4 harpy simulacra (IceCv)
  2 iron troll simulacra (IceCv)
  2 spiny frog zombies
  An acid dragon (D:13)
  2 hydra simulacra
  A merfolk zombie (Dis:2)
  102 hell hounds
  20 water moccasins
  8 porcupines
  5 ice beasts
  35 orc warriors
  3 sky beasts
  An eye of draining (shapeshifter) (Depths:2)
  An ice beast (shapeshifter) (Depths:1)
  A hornet zombie (D:15)
  An eye of draining (D:15)
  2 alligator simulacra (IceCv)
  5 ettin simulacra
  4 black bears
  2 snapping turtle zombies
  10 ogres
  6 phantoms
  5 boggarts (D:15)
  3 wolves (Lair:4)
  8 necrophages
  10 centaurs
  A snapping turtle skeleton (Dis:1)
  7 crocodiles
  A swamp dragon skeleton (Geh:7)
  3 big kobolds
  A gnoll sergeant (D:6)
  2 wyvern zombies
  10 bullfrogs
  An earth elemental (Elf:1)
  An elf skeleton (D:8)
  A hornet simulacrum (D:7)
  A wyvern skeleton (D:14)
  A spriggan zombie (Dis:6)
  13 scorpions
  103 wights
  29 killer bees
  3 howler monkeys
  6 electric eels
  13 crimson imps
  2 centaur zombies
  5 centaur skeletons
  9 human zombies
  2 quasits (D:8)
  A small abomination (Abyss:3)
  5 hounds
  A jelly (D:7)
  A bullfrog skeleton (D:12)
  4 bullfrog zombies
  19 orc priests
  Crazy Yiuf (D:7)
  A human skeleton (D:8)
  25 iron imps
  2 iguanas
  A troll simulacrum (IceCv)
  10 worker ants
  33 orc wizards
  A polar bear simulacrum (IceCv)
  A naga zombie (Geh:7)
  A big kobold zombie (Ossuary)
  2 centaur simulacra (IceCv)
  An ogre zombie (D:8)
  A hound zombie (D:5)
  A hound skeleton (D:10)
  11 mummies
  A killer bee simulacrum (D:7)
  A worker ant zombie (D:6)
  6 gnolls
  5 scorpion zombies (Ossuary)
  7 adders
  2 naga simulacra (IceCv)
  3 ogre simulacra (IceCv)
  3 shadow imps
  12 white imps
  A worker ant simulacrum (D:7)
  8 ufetubi (IceCv)
  2 oozes
  A worm (D:2)
  A dart slug (D:1)
  6 leopard geckos
  94 orcs
  2 ball pythons
  5 giant cockroaches
  3 gnoll zombies (Ossuary)
  6 goblins
  6 hobgoblins
  9 jackals
  20 kobolds
  4 quokkas
  8 bats
  7 frilled lizards
  2 goblin zombies (Ossuary)
  A jackal skeleton (D:5)
  2 kobold zombies
  2 orc zombies
  5 rats
  2 crawling corpses (Depths:2)
  2 starspawn tentacles (Abyss:3)
2218 creatures vanquished.

Vanquished Creatures (collateral kills)
  Geryon (Hell)
  2 bone dragons
  A Tzitzimitl (Dis:4)
  3 iron giants (Dis:7)
  An Ice Fiend (IceCv)
  14 Brimstone Fiends
  A lich (Geh:4)
  3 Hell Sentinels
  A storm dragon (Depths:2)
  A tengu reaver (Depths:3)
  3 iron dragons
  A fire giant (Depths:3)
  4 balrugs
  19 reapers
  A stone giant (Depths:3)
  3 war gargoyles
  2 deep elf demonologists (Depths:2)
  A vampire knight (Depths:3)
  A lorocyproca (Hell)
  An ettin (Depths:3)
  2 blizzard demons (Dis:4)
  A quicksilver dragon zombie (Geh:5)
  A merfolk impaler (Depths:3)
  A jiangshi (Depths:3)
  A deep elf high priest (Depths:2)
  2 quicksilver dragon skeletons
  An ice dragon (Depths:3)
  2 great orbs of eyes
  A spriggan air mage (Depths:2)
  A centaur warrior (Depths:2)
  A dancing weapon (Dis:4)
  A two-headed ogre (Depths:2)
  3 deep troll shamans
  A deep troll earth mage (Depths:1)
  12 hell hogs
  7 tengu warriors (Depths:2)
  2 vampire magi
  3 sun demons
  2 titan zombies
  2 spriggan berserkers (Depths:3)
  A deep elf knight (Elf:1)
  6 storm dragon zombies
  22 hell knights
  6 soul eaters
  A titan skeleton (Geh:2)
  13 skeletal warriors
  2 shadow wraiths (Hell)
  2 iron golems
  2 deep trolls
  A glowing orange brain (Depths:3)
  A golden dragon zombie (Geh:6)
  An iron troll (Depths:3)
  2 storm dragon skeletons
  A sixfirhy (Hell)
  A shadow demon (Dis:4)
  2 golden dragon skeletons
  An orange crystal statue (Abyss:3)
  3 anaconda skeletons
  4 flayed ghosts
  An orc knight (Orc:2)
  3 phantasmal warriors
  A shadow dragon zombie (Geh:3)
  7 necromancers
  4 fire giant zombies
  4 stone giant zombies
  An orc sorcerer (Orc:2)
  2 iron dragon zombies
  2 wolf spider zombies
  3 ugly things (Depths:2)
  3 frost giant zombies
  4 dire elephant zombies
  A shock serpent zombie (Geh:7)
  3 shadow dragon skeletons
  A stone giant skeleton (Geh:4)
  3 frost giant skeletons
  An iron dragon skeleton (Geh:6)
  8 rust devils
  9 hellions
  5 smoke demons
  7 molten gargoyles
  An orange demon (Hell)
  3 shock serpent skeletons
  10 tormentors
  6 ice devils
  2 yaktaurs
  An emperor scorpion zombie (Geh:7)
  4 efreet
  A harpy zombie (Geh:3)
  A white draconian skeleton (Geh:3)
  A catoblepas zombie (Geh:3)
  10 red devils
  An anaconda simulacrum (IceCv)
  A hydra skeleton (Geh:2)
  5 hydra zombies
  A tengu conjurer (Depths:2)
  A jumping spider (Spider:2)
  A slime creature (Depths:3)
  A hornet (Depths:3)
  A fire dragon zombie (Geh:5)
  2 fire dragon skeletons (Geh:6)
  22 flying skulls
  An ettin zombie (Geh:7)
  2 water elementals
  8 shadows
  3 black mamba zombies
  2 ice dragon skeletons
  A black mamba skeleton (Geh:4)
  2 ettin skeletons
  20 fire elementals
  A spriggan (Depths:3)
  A redback (Spider:2)
  10 wraiths
  A large abomination (Abyss:3)
  A golden eye (shapeshifter) (Depths:1)
  31 hell hounds
  6 orc warriors (Orc:2)
  2 spiny frog zombies
  A manticore zombie (Geh:6)
  2 spiny frog skeletons
  A snapping turtle zombie (Geh:5)
  2 necrophages
  3 phantoms
  28 wights
  2 crimson imps
  3 orc priests (Orc:2)
  2 orc wizards (Orc:2)
  5 iron imps
  An ogre zombie (Dis:4)
  A tengu zombie (Dis:4)
  2 orcs (Orc:2)
477 creatures vanquished.

Vanquished Creatures (others)
  2 eldritch tentacles (Dis:2)
  4 hell hogs
  An orb spider (Spider:2)
  A tormentor (Geh:7)
  A demonic crawler (Spider:1)
  3 jumping spiders
  A flying skull (Geh:3)
  A shadow (Geh:1)
  A fire dragon skeleton (Geh:6)
  A floating eye (Depths:2)
  2 hell hounds (Dis:7)
  4 slaves (D:8)
  An orc warrior (Orc:2)
  A wight (Geh:5)
  A centaur zombie (Dis:7)
  A mummy (Ossuary)
  An orc (Elf:1)
  An orc zombie (Ossuary)
  A bush (Lair:1)
  7 fungi
  15 plants
  3 starspawn tentacles (Abyss:3)
  4 tentacles (Hell)
58 creatures vanquished.

Grand Total: 2753 creatures vanquished

Notes
Turn   | Place    | Note
-------+----------+-------------------------------------------
     0 | D:1      | CozyGlow the Hill Orc Fighter began the quest for the Orb.
     0 | D:1      | Reached XP level 1. HP: 19/19 MP: 1/1
     3 | D:1      | Noticed an electric eel
     3 | D:1      | Noticed an electric eel
    99 | D:1      | Reached XP level 2. HP: 27/27 MP: 2/2
   412 | D:1      | Reached skill level 4 in Fighting
   419 | D:1      | Reached skill level 3 in Long Blades
   483 | D:1      | Reached XP level 3. HP: 33/33 MP: 3/3
   822 | D:2      | Reached XP level 4. HP: 34/41 MP: 4/4
   982 | D:2      | Reached skill level 4 in Long Blades
  1215 | D:2      | Found a shadowy altar of Dithmenos.
  1716 | D:3      | Found an ornate altar of the Wu Jian Council.
  1822 | D:3      | Found a glowing golden altar of the Shining One.
  1834 | D:3      | Became a worshipper of the Shining One
  1960 | D:3      | Found an opulent altar of Gozag.
  2309 | D:3      | Reached XP level 5. HP: 47/47 MP: 5/5
  2705 | D:4      | Found a sacrificial altar of Ru.
  2769 | D:4      | Reached skill level 5 in Fighting
  2770 | D:4      | Noticed an ogre
  2774 | D:4      | HP: 7/48 [ogre/giant club (16)]
  2782 | D:4      | HP: 5/48 [poisoned by a worker ant]
  2790 | D:4      | HP: 4/48 [poisoned by a worker ant]
  3233 | D:4      | Found a glowing silver altar of Zin.
  3253 | D:4      | Found an ancient bone altar of Kikubaaqudgha.
  3253 | D:4      | Found a snail-covered altar of Cheibriados.
  3429 | D:4      | Reached skill level 5 in Long Blades
  3456 | D:4      | Got a brightly glowing hunting sling
  3572 | D:5      | Entered Level 5 of the Dungeon
  3588 | D:5      | Reached XP level 6. HP: 52/56 MP: 6/6
  3593 | D:5      | Reached skill level 1 in Evocations
  3914 | D:5      | Found a sand-covered staircase.
  3923 | Ossuary  | Entered an ossuary
  3957 | Ossuary  | Reached skill level 6 in Long Blades
  3972 | Ossuary  | Reached * piety under the Shining One
  3972 | Ossuary  | Reached skill level 2 in Evocations
  4009 | Ossuary  | Reached XP level 7. HP: 57/62 MP: 8/8
  4055 | Ossuary  | Reached skill level 6 in Fighting
  4092 | Ossuary  | Reached ** piety under the Shining One
  4117 | Ossuary  | Reached skill level 7 in Long Blades
  4136 | Ossuary  | Reached skill level 3 in Evocations
  4188 | Ossuary  | HP: 15/64 [mummy (7)]
  4485 | Ossuary  | Reached XP level 8. HP: 48/71 MP: 10/10
  4825 | D:5      | Noticed a hippogriff
  4833 | D:5      | Killed a hippogriff
  4833 | D:5      | Reached skill level 7 in Fighting
  4833 | D:5      | Reached skill level 8 in Long Blades
  5179 | D:6      | Reached skill level 4 in Evocations
  5301 | D:6      | Reached skill level 9 in Long Blades
  5427 | D:6      | Reached XP level 9. HP: 61/81 MP: 12/12
  5543 | D:6      | Found a staircase to the Ecumenical Temple.
  5653 | D:6      | Reached skill level 8 in Fighting
  5680 | D:6      | Reached skill level 5 in Evocations
  5769 | D:6      | Found an iron altar of Okawaru.
  6259 | D:7      | Found a bloodstained altar of Trog.
  6279 | D:6      | Reached skill level 10 in Long Blades
  6361 | D:7      | Found a runed gate.
  6362 | D:7      | Found a runed gate.
  6363 | D:7      | Found a runed gate.
  6393 | D:7      | Reached skill level 1 in Dodging
  6409 | D:7      | Reached *** piety under the Shining One
  6418 | D:7      | Noticed Deeps's ghost (novice MiMo)
  6497 | D:7      | Reached skill level 2 in Dodging
  6520 | D:7      | Reached skill level 6 in Evocations
  6654 | D:7      | Reached skill level 9 in Fighting
  6840 | D:7      | Found a shadowy altar of Dithmenos.
  7094 | D:7      | Found a sparkling altar of Nemelex Xobeh.
  7155 | D:7      | Found a runed door.
  7160 | D:7      | Noticed Crazy Yiuf
  7165 | D:7      | Killed Crazy Yiuf
  7175 | D:7      | Got a bloodstained mace
  7191 | D:7      | Identified the +8 mace of Untimely Demise {protect, rElec
                  | MR+ Dex+3} (You found it on level 7 of the Dungeon)
  7282 | D:7      | Killed Deeps's ghost
  7282 | D:7      | Reached skill level 3 in Dodging
  7282 | D:7      | Reached XP level 10. HP: 91/91 MP: 14/14
  7408 | D:8      | Noticed Joseph
  7418 | D:8      | Gained mutation: You are robust. (+10% HP) [potion of
                  | mutation]
  7418 | D:8      | Gained mutation: Your spells are a little easier to cast,
                  | but a little less powerful. [potion of mutation]
  7418 | D:8      | Gained mutation: You passively map a small area around you.
                  | [potion of mutation]
  7439 | D:8      | Killed Joseph
  7451 | D:8      | Noticed Pikel
  7478 | D:8      | Killed Pikel
  7478 | D:8      | Reached skill level 4 in Dodging
  7667 | D:8      | Noticed Maurice
  7722 | D:8      | Killed Maurice
  7722 | D:8      | Reached skill level 11 in Long Blades
  7958 | D:8      | Reached skill level 7 in Evocations
  8018 | D:8      | Found a stormy altar of Qazlal.
  8246 | D:8      | Reached skill level 10 in Fighting
  8252 | D:8      | Reached **** piety under the Shining One
  8346 | D:8      | Found a basalt altar of Yredelemnul.
  8521 | D:9      | Reached skill level 4 in Armour
  8540 | D:9      | Noticed a death yak
  8545 | D:9      | Noticed a death yak
  8545 | D:9      | Noticed a death yak
  8546 | D:9      | Noticed a death yak
  8547 | D:9      | Noticed a death yak
  8548 | D:9      | Noticed a death yak
  8549 | D:9      | Noticed a death yak
  8586 | D:8      | HP: 19/102 [death yak (16)]
  8895 | D:9      | Reached XP level 11. HP: 109/110 MP: 16/16
  9044 | D:9      | Reached skill level 5 in Armour
  9065 | D:9      | Noticed a two-headed ogre
  9085 | D:9      | Upgraded the game from 0.23-a0-296-ga3b1b28 to
                  | 0.23-a0-299-g9a66eeb
  9142 | D:9      | Found a hazy altar of Hepliaklqana.
  9194 | D:9      | Found a staircase to the Lair.
  9404 | D:10     | Entered Level 10 of the Dungeon
  9443 | Lair:1   | Entered Level 1 of the Lair of Beasts
  9705 | Lair:1   | Reached skill level 6 in Armour
 10079 | Lair:1   | Reached skill level 8 in Evocations
 10373 | Lair:2   | Reached ***** piety under the Shining One
 10598 | Lair:2   | Reached skill level 4 in Shields
 10614 | Lair:2   | Noticed a lindwurm
 10625 | Lair:2   | Killed a lindwurm
 10625 | Lair:2   | Reached skill level 11 in Fighting
 10837 | Lair:2   | Reached skill level 5 in Shields
 10855 | Lair:2   | Reached skill level 12 in Long Blades
 11154 | Lair:3   | Found a runed door.
 11316 | Lair:3   | Reached skill level 6 in Shields
 11440 | Lair:3   | Reached XP level 12. HP: 115/121 MP: 18/18
 11782 | Lair:3   | Noticed a seven-headed hydra
 11789 | Lair:3   | Noticed a spriggan rider
 11789 | Lair:3   | Noticed cloyd's ghost (journeyman MiFi)
 11909 | Lair:4   | Reached skill level 7 in Shields
 12290 | Lair:4   | Found a hole to the Spider Nest.
 12298 | Lair:4   | Reached skill level 8 in Shields
 12307 | Lair:4   | Noticed Nessos
 12344 | Lair:4   | Killed Nessos
 12344 | Lair:4   | Reached skill level 12 in Fighting
 12780 | Lair:4   | Reached skill level 9 in Shields
 12804 | Lair:4   | Found a staircase to the Shoals.
 13005 | Lair:4   | Found a transporter.
 13059 | Lair:4   | Got a spiked ring mail
 13071 | Lair:4   | Identified the +3 ring mail of Anarchy {rN+} (You found it
                  | on level 4 of the Lair of Beasts)
 13230 | Lair:4   | Noticed Kirke
 13268 | Lair:4   | Noticed a sphinx
 13280 | Lair:4   | Killed Kirke
 13280 | Lair:4   | Reached skill level 13 in Long Blades
 13609 | Lair:4   | Found a transporter.
 13817 | Lair:5   | Reached skill level 10 in Shields
 13826 | Lair:5   | Reached XP level 13. HP: 105/130 MP: 19/19
 13925 | Lair:5   | Reached skill level 7 in Armour
 14900 | Lair:5   | Reached skill level 13 in Fighting
 14901 | Lair:5   | HP: 30/129 [poisoned by a death drake (dark miasma)]
 14906 | Lair:5   | HP: 18/129 [poisoned by a death drake (dark miasma)]
 15872 | Lair:5   | Reached skill level 8 in Armour
 16059 | Lair:6   | Entered Level 6 of the Lair of Beasts
 16437 | Lair:6   | Reached skill level 9 in Armour
 16557 | Lair:6   | Paralysed by a hornet for 3 turns
 16999 | Lair:6   | Reached skill level 1 in Stealth
 17142 | Lair:6   | Found a staircase to the Slime Pits.
 17350 | Lair:6   | Reached skill level 10 in Armour
 17358 | Lair:6   | Reached skill level 14 in Long Blades
 17361 | Lair:6   | Reached skill level 2 in Stealth
 17908 | Spider:1 | Entered Level 1 of the Spider Nest
 17929 | Spider:1 | Reached XP level 14. HP: 143/143 MP: 20/20
 18386 | Spider:1 | Found the +4 moon troll leather armour {Spirit, Regen++
                  | MP+5}
 18606 | Spider:1 | Got a scorched scale mail
 18619 | Spider:1 | Identified the cursed +0 scale mail of the Moon {MR+ Regen+
                  | Dex-4 Slay+2} (You found it on level 1 of the Spider Nest)
 18661 | Spider:1 | Noticed Rupert
 18682 | Spider:1 | Killed Rupert
 18682 | Spider:1 | Reached skill level 14 in Fighting
 18682 | Spider:1 | Reached skill level 3 in Stealth
 18698 | Spider:1 | Noticed Agnes
 18698 | Spider:1 | Reached skill level 11 in Armour
 18723 | Spider:1 | Killed Agnes
 19091 | Spider:1 | Reached skill level 1 in Invocations
 19458 | Spider:1 | Reached skill level 2 in Invocations
 19737 | Spider:1 | HP: 33/145 [jumping spider (8)]
 19742 | Spider:1 | HP: 28/145 [poisoned by a wolf spider]
 19747 | Spider:1 | HP: 25/145 [poisoned by a wolf spider]
 19753 | Spider:1 | HP: 23/145 [poisoned by a wolf spider]
 19758 | Spider:1 | HP: 23/145 [poisoned by a wolf spider]
 19766 | Spider:1 | HP: 24/145 [poisoned by a wolf spider]
 20136 | Spider:2 | Reached skill level 3 in Invocations
 20180 | Spider:2 | Noticed Arachne
 20719 | Spider:1 | Reached skill level 4 in Invocations
 21379 | Spider:2 | Reached skill level 5 in Invocations
 21408 | Spider:2 | HP: 29/146 [Arachne/poison arrow (9)]
 21413 | Spider:1 | HP: 16/146 [poisoned by Arachne (poison arrow)]
 21418 | Spider:1 | HP: 14/146 [poisoned by Arachne (poison arrow)]
 21423 | Spider:1 | HP: 13/146 [poisoned by Arachne (poison arrow)]
 21428 | Spider:1 | HP: 13/146 [poisoned by Arachne (poison arrow)]
 21436 | Spider:1 | HP: 14/146 [poisoned by Arachne (poison arrow)]
 21906 | Spider:2 | Killed Arachne
 21906 | Spider:2 | Reached skill level 12 in Armour
 22252 | Spider:2 | Reached skill level 6 in Invocations
 22495 | Spider:2 | Noticed an entropy weaver
 22503 | Spider:2 | Killed an entropy weaver
 22597 | Spider:2 | Reached skill level 7 in Invocations
 23025 | Spider:3 | Reached XP level 15. HP: 138/152 MP: 21/21
 23286 | Spider:3 | Reached skill level 8 in Invocations
 23792 | Spider:3 | Got a warped copper amulet
 23829 | Spider:3 | Reached skill level 13 in Armour
 24225 | Spider:4 | Entered Level 4 of the Spider Nest
 24233 | Spider:4 | Reached skill level 15 in Fighting
 24366 | Spider:4 | Reached skill level 9 in Invocations
 24470 | Spider:4 | Found a frozen archway.
 24475 | IceCv    | Entered an ice cave
 24503 | IceCv    | Reached ****** piety under the Shining One
 24508 | IceCv    | Identified a +6 long sword of holy wrath (a +4 long sword
                  | blessed by the Shining One)
 24508 | IceCv    | Received a gift from the Shining One
 25067 | IceCv    | Noticed an Ice Fiend
 25116 | IceCv    | Killed an Ice Fiend
 25118 | IceCv    | Reached skill level 10 in Invocations
 25835 | IceCv    | Got a glittering bone ring
 25841 | IceCv    | Got a wavering wooden ring
 25842 | IceCv    | Identified the amulet "Uwous" {Inacc rF+ rC+ Str+3} (You
                  | found it on level 3 of the Spider Nest)
 25843 | IceCv    | Identified the ring of Wyhiw {rF- MR++ EV+2 Str+5} (You
                  | found it in an ice cave)
 25844 | IceCv    | Identified the ring "Folacib" {Ice rPois Str-5 Dex+3 SInv}
                  | (You found it in an ice cave)
 26182 | Spider:4 | Got a translucent bardiche
 26266 | Spider:4 | Noticed a ghost moth
 26278 | Spider:4 | Killed a ghost moth
 26341 | Spider:4 | Noticed a ghost moth
 26345 | Spider:4 | Noticed Asterion
 26376 | Spider:4 | Noticed an emperor scorpion
 26389 | Spider:4 | Killed an emperor scorpion
 26389 | Spider:4 | Reached skill level 14 in Armour
 26394 | Spider:4 | Reached skill level 11 in Invocations
 26410 | Spider:4 | HP: 25/155 [wolf spider (16)]
 26433 | Spider:4 | HP: 29/155 [jumping spider (3)]
 26438 | Spider:4 | Noticed a ghost moth
 26452 | Spider:4 | Killed a ghost moth
 26459 | Spider:4 | Noticed a ghost moth
 26465 | Spider:4 | HP: 37/155 [ghost moth (2)]
 26466 | Spider:4 | Killed a ghost moth
 26473 | Spider:4 | Noticed an emperor scorpion
 26511 | Spider:4 | Killed an emperor scorpion
 26524 | Spider:4 | Noticed an emperor scorpion
 26538 | Spider:4 | Noticed a ghost moth
 27077 | D:10     | Reached XP level 16. HP: 165/165 MP: 24/24
 27103 | D:10     | Identified the cursed +0 bardiche "Ox" {venom, +Inv rF+ rC+
                  | Str+2} (You found it on level 4 of the Spider Nest)
 27177 | D:10     | Found Dudokk Hounu's Book Emporium.
 27625 | D:11     | Got a heavily runed amber ring
 27686 | D:11     | Identified the ring "Naarr" {rF++ rC- Stlth+} (You found it
                  | on level 11 of the Dungeon)
 27789 | D:11     | Found a staircase to the Orcish Mines.
 28044 | D:11     | Noticed Erolcha
 28055 | D:11     | Killed Erolcha
 28194 | Orc:1    | Entered Level 1 of the Orcish Mines
 28201 | Orc:1    | Found Miegef's Antique Weapon Shop.
 28361 | Orc:1    | Reached skill level 12 in Invocations
 28426 | Orc:1    | Reached skill level 16 in Fighting
 28765 | Orc:2    | Entered Level 2 of the Orcish Mines
 28765 | Orc:2    | Found a staircase to the Elven Halls.
 29489 | Orc:2    | Found Etaxu's Distillery.
 29489 | Orc:2    | Found Zofanwoc's Food Boutique.
 29890 | Orc:2    | HP: 30/167 [orc knight/bolt (16)]
 30500 | Orc:2    | Found Essoev's Weapon Shoppe.
 30514 | Orc:2    | Found Cunomn's Antique Armour Shoppe.
 30565 | Orc:2    | Bought a potion of cancellation for 80 gold pieces
 30565 | Orc:2    | Bought a potion of curing for 30 gold pieces
 30565 | Orc:2    | Bought a potion of curing for 30 gold pieces
 30565 | Orc:2    | Bought a potion of haste for 100 gold pieces
 30565 | Orc:2    | Bought a potion of curing for 30 gold pieces
 30565 | Orc:2    | Bought a potion of haste for 100 gold pieces
 30565 | Orc:2    | Bought 2 potions of resistance for 200 gold pieces
 30565 | Orc:2    | Bought 2 potions of heal wounds for 100 gold pieces
 30565 | Orc:2    | Bought a potion of haste for 100 gold pieces
 30565 | Orc:2    | Bought 2 potions of heal wounds for 100 gold pieces
 30592 | Orc:2    | Bought a potion of berserk rage for 50 gold pieces
 30592 | Orc:2    | Bought a potion of haste for 100 gold pieces
 30592 | Orc:2    | Bought a potion of lignification for 30 gold pieces
 30594 | Orc:2    | Bought a potion of degeneration for 10 gold pieces
 30919 | Elf:1    | Entered Level 1 of the Elven Halls
 30933 | Elf:1    | Reached skill level 11 in Shields
 31268 | Elf:1    | Reached skill level 17 in Fighting
 31297 | Elf:1    | Reached skill level 13 in Invocations
 31452 | Elf:1    | Got a smoking fustibalus
 31454 | Elf:1    | Identified the +11 fustibalus of Wu Jian {freeze, Int-2
                  | Dex+5 Stlth+} (You took it off an orc on level 1 of the
                  | Elven Halls)
 31639 | Elf:1    | Noticed a Hell Sentinel
 31672 | Elf:1    | Noticed a Hell Sentinel
 31688 | Elf:1    | Noticed an Executioner
 32144 | D:12     | Noticed Josephine
 32154 | D:12     | Killed Josephine
 32909 | D:13     | Noticed Azrael
 32943 | D:13     | Killed Azrael
 32971 | D:13     | Reached XP level 17. HP: 65/179 MP: 27/27
 33372 | D:13     | Noticed Urug
 33399 | D:13     | Killed Urug
 33412 | D:13     | Reached skill level 18 in Fighting
 33452 | D:13     | Found a gate to the Vaults.
 33520 | D:13     | Reached skill level 12 in Shields
 33695 | D:13     | Found Olosaore's Book Shop.
 34365 | D:14     | Reached skill level 14 in Invocations
 34574 | D:14     | Found a deep blue altar of Sif Muna.
 35254 | D:15     | Entered Level 15 of the Dungeon
 35937 | D:15     | Found a staircase to the Depths.
 35951 | D:15     | Reached skill level 19 in Fighting
 36150 | Depths:1 | Entered Level 1 of the Depths
 36443 | Depths:1 | Reached skill level 13 in Shields
 36453 | Depths:1 | Upgraded the game from 0.23-a0-299-g9a66eeb to
                  | 0.23-a0-301-g9da9e51
 36871 | Depths:1 | Got an ancient leather armour
 37024 | Depths:1 | HP: 43/184 [troll (shapeshifter) (5)]
 37128 | Depths:1 | HP: 42/185 [deep troll (6)]
 37131 | Depths:1 | Found a gateway to Hell.
 37505 | Depths:1 | Found a runed gate.
 37506 | Depths:1 | Found a runed gate.
 37507 | Depths:1 | Found a runed gate.
 37507 | Depths:1 | Noticed a tentacled monstrosity
 37507 | Depths:1 | Noticed a tentacled monstrosity
 37508 | Depths:1 | Noticed a tentacled monstrosity
 37509 | Depths:1 | Noticed a tentacled monstrosity
 37511 | Depths:1 | Noticed a tentacled monstrosity
 37616 | Depths:1 | Reached XP level 18. HP: 157/195 MP: 26/28
 38100 | Hell     | Entered the Vestibule of Hell
 38100 | Hell     | Noticed Geryon
 38106 | Hell     | Reached skill level 20 in Fighting
 38128 | Hell     | Killed Geryon
 38451 | Hell     | Reached skill level 14 in Shields
 38566 | Hell     | Found a gateway to the ashen valley of Gehenna.
 38620 | Hell     | Reached skill level 21 in Fighting
 38633 | Hell     | Found a gateway to the decaying netherworld of Tartarus.
 38692 | Hell     | Found a gateway to the freezing wastes of Cocytus.
 38895 | Hell     | Found a gateway to the Iron City of Dis.
 39201 | Depths:1 | Found a one-way gate to the infinite horrors of the Abyss.
 41162 | Depths:2 | HP: 46/200 [fire dragon/blast of flame (46)]
 41626 | Depths:2 | Noticed a quicksilver dragon
 41635 | Depths:2 | Killed a quicksilver dragon
 41659 | Depths:2 | Reached XP level 19. HP: 71/209 MP: 26/29
 41803 | Depths:2 | Reached skill level 15 in Armour
 41931 | Depths:2 | HP: 50/209 [storm dragon/bolt of lightning (49)]
 42393 | Geh:1    | Entered Level 1 of Gehenna
 42393 | Geh:1    | Found a gateway to Hell.
 42393 | Geh:1    | Noticed a lich
 42398 | Geh:1    | Killed a lich
 43001 | Geh:1    | Noticed a Brimstone Fiend
 43007 | Geh:1    | Killed a Brimstone Fiend
 43026 | Geh:1    | Reached skill level 15 in Invocations
 43216 | Geh:1    | Noticed a Brimstone Fiend
 43222 | Geh:1    | Killed a Brimstone Fiend
 43539 | Geh:2    | Found a gateway to Hell.
 43702 | Geh:2    | Reached skill level 16 in Invocations
 43867 | Geh:2    | Found a gateway to Hell.
 43934 | Geh:2    | Found a gateway to Hell.
 44038 | Geh:2    | Noticed a Brimstone Fiend
 44041 | Geh:2    | Killed a Brimstone Fiend
 44245 | Geh:2    | Noticed a Brimstone Fiend
 44249 | Geh:2    | Killed a Brimstone Fiend
 44249 | Geh:2    | Reached skill level 22 in Fighting
 44324 | Geh:3    | Found a gateway to Hell.
 44381 | Geh:3    | Noticed a lich
 44388 | Geh:3    | Killed a lich
 44396 | Geh:3    | Found a gateway to Hell.
 44396 | Geh:3    | Found a gateway to Hell.
 44400 | Geh:3    | Noticed a Brimstone Fiend
 44402 | Geh:3    | Reached skill level 17 in Invocations
 44403 | Geh:3    | Killed a Brimstone Fiend
 44403 | Geh:3    | Reached skill level 16 in Armour
 44403 | Geh:3    | Reached XP level 20. HP: 217/217 MP: 23/32
 44450 | Geh:3    | Noticed a Brimstone Fiend
 44457 | Geh:3    | Killed a Brimstone Fiend
 44679 | Geh:3    | Found a gateway to Hell.
 44700 | Geh:3    | HP: 47/218 [??? (23)]
 44701 | Geh:3    | HP: 22/218 [??? (10)]
 44786 | Geh:3    | Noticed a Brimstone Fiend
 44789 | Geh:3    | HP: 38/218 [Brimstone Fiend/damnation[the effects of Hell]
                  | (40)]
 44793 | Geh:3    | Killed a Brimstone Fiend
 44793 | Geh:3    | Reached skill level 18 in Invocations
 45107 | Geh:3    | Found a gateway to Hell.
 45444 | Geh:3    | Noticed a Brimstone Fiend
 45447 | Geh:3    | Killed a Brimstone Fiend
 45653 | Geh:4    | Found a gateway to Hell.
 45701 | Geh:4    | Found a gateway to Hell.
 45748 | Geh:4    | Found a gateway to Hell.
 45804 | Geh:4    | Reached skill level 19 in Invocations
 45832 | Geh:4    | Noticed a Brimstone Fiend
 45834 | Geh:4    | Killed a Brimstone Fiend
 45897 | Geh:4    | Noticed a Brimstone Fiend
 45898 | Geh:4    | Killed a Brimstone Fiend
 45899 | Geh:4    | Found a gateway to Hell.
 45967 | Geh:4    | Reached XP level 21. HP: 222/231 MP: 27/34
 46079 | Geh:4    | Reached skill level 17 in Armour
 46437 | Geh:5    | Found a gateway to Hell.
 46470 | Geh:5    | Found a gateway to Hell.
 46470 | Geh:5    | Reached skill level 23 in Fighting
 46508 | Geh:5    | Reached skill level 20 in Invocations
 46776 | Geh:5    | Cast into level 3 of the Abyss (a Zot trap)
 46791 | Abyss:3  | Found a transporter.
 46815 | Abyss:3  | Noticed a bone dragon
 46817 | Geh:5    | Escaped the Abyss
 46820 | Geh:5    | Noticed a bone dragon
 46830 | Geh:5    | Killed a bone dragon
 46839 | Geh:5    | Paralysed by the power of Zot for 5 turns
 47054 | Geh:5    | Found a gateway to Hell.
 47067 | Geh:5    | Found a gateway to Hell.
 47149 | Geh:6    | Found a gateway to Hell.
 47149 | Geh:6    | Found a gateway to Hell.
 47358 | Geh:6    | Found a gateway to Hell.
 47400 | Geh:6    | Noticed a bone dragon
 47408 | Geh:6    | Reached skill level 21 in Invocations
 47409 | Geh:6    | Killed a bone dragon
 47849 | Geh:6    | Reached XP level 22. HP: 224/242 MP: 31/36
 47941 | Geh:7    | Entered Level 7 of Gehenna
 47941 | Geh:7    | Found a gateway to Hell.
 47960 | Geh:7    | Reached skill level 18 in Armour
 48007 | Geh:7    | HP: 56/243 [molten gargoyle/bolt of magma (31)]
 48619 | Geh:6    | Reached skill level 22 in Invocations
 48632 | Geh:7    | Found a gateway to Hell.
 49048 | Geh:7    | Reached skill level 15 in Long Blades
 49179 | Geh:7    | Reached skill level 24 in Fighting
 49233 | Geh:7    | HP: 47/244 [something (36)]
 49261 | Geh:7    | HP: 49/244 [something (12)]
 49316 | Geh:7    | HP: 49/244 [Brimstone Fiend/damnation[the effects of Hell]
                  | (28)]
 49459 | Geh:7    | Identified the Papyrus of Dark Rites and Snow
 49468 | Geh:7    | Identified Sif Muna's Incunabulum of Poison and Good Luck
 49486 | Geh:7    | Noticed Asmodeus
 49504 | Geh:7    | Killed Asmodeus
 49526 | Geh:7    | Got an obsidian rune of Zot
 49688 | Geh:7    | Reached skill level 16 in Long Blades
 49765 | Geh:7    | Found a gateway to Hell.
 49875 | Geh:7    | HP: 44/245 [Brimstone Fiend/damnation[the effects of Hell]
                  | (39)]
 50697 | Spider:4 | Reached XP level 23. HP: 251/251 MP: 38/38
 51486 | Spider:4 | Got a gossamer rune of Zot
 51800 | Spider:4 | Killed Asterion
 51800 | Spider:4 | Reached skill level 19 in Armour
 52293 | Depths:2 | Found an opulent altar of Gozag.
 52375 | Depths:2 | Reached skill level 17 in Long Blades
 52419 | Depths:2 | Noticed a golden dragon
 52439 | Depths:2 | Found a shadowy altar of Dithmenos.
 52739 | Depths:2 | Killed a golden dragon
 53018 | Depths:2 | Found a stormy altar of Qazlal.
 53408 | Depths:2 | Found a gateway to a ziggurat.
 53576 | Depths:2 | Found a snail-covered altar of Cheibriados.
 53750 | Depths:3 | Noticed Margery
 53779 | Depths:3 | Killed Margery
 53802 | Depths:3 | Noticed Frederick
 53860 | Depths:3 | Killed Frederick
 53860 | Depths:3 | Reached skill level 18 in Long Blades
 53885 | Depths:3 | Noticed Louise
 53903 | Depths:3 | Killed Louise
 54051 | Depths:3 | Found a one-way gate leading to the halls of Pandemonium.
 54300 | Depths:3 | Reached XP level 24. HP: 129/264 MP: 25/38
 54514 | Depths:3 | Reached skill level 25 in Fighting
 55192 | Depths:3 | Reached skill level 20 in Armour
 55210 | Depths:3 | Reached skill level 19 in Long Blades
 55938 | Depths:3 | Found Xyopaq's Gadget Boutique.
 55938 | Depths:3 | Found Kiarph Cenee's Jewellery Shoppe.
 55939 | Depths:3 | Found Jibbodaw's Jewellery Shoppe.
 55952 | Depths:3 | Bought a box of beasts for 440 gold pieces
 55952 | Depths:3 | Bought a box of beasts for 440 gold pieces
 56179 | Dis:1    | Entered Level 1 of the Iron City of Dis
 56972 | Dis:1    | Reached skill level 26 in Fighting
 57193 | Dis:1    | Gained mutation: You have large cloven feet. [a cacodemon]
 58223 | Dis:2    | Reached XP level 25. HP: 268/277 MP: 30/38
 58232 | Dis:2    | Reached skill level 27 in Fighting
 58238 | Dis:2    | Reached skill level 15 in Shields
 58325 | Dis:2    | HP: 69/279 [Hell Sentinel's spines[the effects of Hell]
                  | (10)]
 58326 | Dis:2    | HP: 17/279 [Hell Sentinel/damnation[the effects of Hell]
                  | (53)]
 59806 | Dis:4    | Reached skill level 16 in Shields
 59962 | Dis:4    | HP: 60/282 [??? (30)]
 59973 | Dis:4    | HP: 50/282 [??? (24)]
 60349 | Dis:4    | Reached skill level 20 in Long Blades
 60728 | Dis:4    | Reached skill level 21 in Armour
 61425 | Dis:5    | Reached XP level 26. HP: 292/292 MP: 38/38
 62425 | Dis:7    | Entered Level 7 of the Iron City of Dis
 62445 | Dis:7    | Reached skill level 23 in Invocations
 63086 | Dis:7    | Reached skill level 22 in Armour
 63109 | Dis:7    | Noticed Dispater
 63155 | Dis:7    | HP: 56/292 [??? (35)]
 63158 | Dis:7    | HP: 6/292 [hellion/damnation (27)]
 63158 | Dis:7    | Killed from afar by a Hell Sentinel

Vault maps used:
D:1:      arrival_aquarium_b, glass_columns_b
D:2:      old_standard_altar, first_ration, minmay_ruptured
D:3:      lemuel_round_altar, old_standard_altar, tso_oasis_becter,
          grunt_ministairs_9
D:4:      nicolae_ru_awakened_eye, zin_statuary, minitemple
D:5:      lightli_ossuary_entry_decrepit_ruins
D:6:      okawaru_ov_weapons_minmay, minmay_temple_entry_mist
D:7:      kennysheep_little_box, trog_ov_bears_minmay, basic_altar,
          gammafunk_ghost_icy, the_bakery, uniq_crazy_yiuf_cottage
D:8:      nicolae_qazlal_style_of_elements, lemuel_mausoleum_altar_yredelemnul,
          uniq_pikel, uniq_joseph, uniq_maurice
D:9:      kennysheep_mini, dpeg_lair_monsters, hex_medium
D:10:     serial_shops, kennysheep_mini_moat
D:11:     erik_orc_2, uniq_erolcha
D:12:     lemuel_ice_statue, lightli_minifort, uniq_josephine
D:13:     david_vaults_3, serial_shops, shop, uniq_azrael
D:14:     hangedman_abyss_or_decor_slice, lemuel_oklob_altar
D:15:     grunt_enter_depths_magical_seal, minmay_misc_feat_roman,
          einodemon_crawler_minivault
Lair:1:   special_room
Lair:2:   grunt_forest_large_clearing_hut
Lair:3:   ebering_ghost_funeral_grove, grunt_megastairs_4,
          minmay_lair_oklob_chamber, lemuel_fruit_tree
Lair:4:   gammafunk_cloud_chamber, minmay_shoals_entry_beasts,
          spider_nest_entry_rubble, beast_lair_carwin_4, serial_bayou_shore_a,
          uniq_nessos, uniq_kirke
Lair:5:   minmay_lindwurm_lava
Lair:6:   hangedman_lair_tendril_chambers, minmay_slime_entry_oklob_open,
          minivault_25
Spider:1: uniq_agnes, uniq_rupert
Spider:2: uniq_arachne
Spider:3: spider_trap, guppyfry_spider_mini_3
Spider:4: grunt_spider_rune_circles, portal_ice_cave_entry_pillars_three,
          uniq_asterion
Orc:1:    serial_shops, nicolae_shop_crystal
Orc:2:    st_orc_elflike, guppyfry_library_mini
Elf:1:    eino_elf_arrival_customs, orc_legates, minmay_misc_feat_columns,
          hex_tiny, roderic_lattice_octagonal_star
Depths:1: hell_entry, abyss_entry_small_statue_room,
          ploomutoo_gammafunk_ghost_potion_laboratory, hangedman_decor_lopped,
          hangedman_corner_corridor, serial_bayou_shore_b, serial_bayou_shore_b,
          serial_bayou_shore_b
Depths:2: grunt_profane_halls, hell_entry
Depths:3: lemuel_traditional_vault, grunt_hell_horde, pan_entry,
          minmay_misc_feat_tiny, nicolae_abyss_entry_one_way_or_another,
          dpeg_stationary_puzzle, serial_bayou_shore_b,
          minmay_staircase_statues, minmay_shop_grove, uniq_frederick,
          uniq_margery
Dis:3:    lightli_tower_of_babel, hangedman_dis_decor_blocks_mantle
Dis:7:    iron_city_of_dis, nrook_loot_triangle, nicolae_dis_strange_trophy_room
Geh:1:    grunt_megastairs_3
Geh:3:    nicolae_geh_amphitheater, grunt_megastairs_5
Geh:7:    geh_old
Abyss:3:  gammafunk_abyss_exit_x_factor, hangedman_abyss_rune_macabre_mess,
          evilmike_abyss_exit_glass
Ossuary:  ossuary_minmay_scorpions
IceCv:    ice_cave_caverns_01

Skill      XL: |  1  2  3  4  5  6  7  8  9 10 11 12 13 14 15 16 17 18 19 20 21 22 23 24 25 26 |
---------------+-------------------------------------------------------------------------------+-----
Fighting       | 4 5 6 7 9 10 11 12 13 14 15 17 19 21 22 23 24 26 27 | 27.0
Long Blades    | 3 4 5 6 7 9 10 11 12 13 14 16 18 19 20 | 20.6
Evocations     | 2 3 4 6 7 8 |  8.0
Dodging        | 3 4 |  4.9
Armour         | 4 6 10 12 14 16 17 18 19 20 21 22 | 22.0
Shields        | 6 10 11 13 14 16 | 16.2
Stealth        | 2 3 |  3.4
Invocations    | 7 11 13 14 17 19 21 22 23 | 23.5

Action                   |  1- 3 |  4- 6 |  7- 9 | 10-12 | 13-15 | 16-18 | 19-21 | 22-24 | 25-27 || total
-------------------------+-------+-------+-------+-------+-------+-------+-------+-------+-------++-------
Melee: Long sword        |    83 |   288 |   375 |   886 |  1490 |  1924 |   845 |  1604 |   872 ||  8367
       Unarmed           |       |       |       |     1 |       |       |       |       |       ||     1
Throw: Tomahawk          |       |       |       |       |       |     3 |     5 |       |       ||     8
Invok: Divine Shield     |       |       |     1 |     1 |    11 |    15 |    19 |    31 |    15 ||    93
       Summon Divine War |       |       |       |       |     3 |    13 |    13 |    15 |    13 ||    57
       Cleansing Flame   |       |       |       |       |     1 |    21 |   109 |    72 |    60 ||   263
       Brand Weapon With |       |       |       |       |     1 |       |       |       |       ||     1
 Abil: Evoke Berserk Rag |       |       |       |     1 |    10 |    10 |       |     8 |     4 ||    33
       Stop Flying       |       |       |       |       |     2 |     2 |       |     1 |       ||     5
       Evoke Flight      |       |       |       |       |     1 |     2 |     1 |       |       ||     4
Evoke: Wand              |       |       |       |     2 |    34 |     9 |     2 |     1 |       ||    48
       Lamp of fire      |       |       |       |       |     1 |       |       |       |       ||     1
       Fan of gales      |       |       |       |       |     1 |       |       |       |       ||     1
       Sack of spiders   |       |       |       |       |       |       |       |     2 |       ||     2
       Box of beasts     |       |       |       |       |       |       |       |       |     2 ||     2
  Use: Scroll            |     1 |     4 |    12 |    10 |    20 |    17 |     2 |    10 |     4 ||    80
       Potion            |       |     3 |     8 |     7 |    11 |     6 |     3 |     8 |     2 ||    48
  Eat: Chunk             |       |     7 |     6 |    14 |    23 |    21 |     2 |    14 |     2 ||    89
       Ration            |       |     1 |     2 |     3 |     9 |    13 |    11 |    14 |     9 ||    62
Armor: Scale mail        |    39 |   154 |   153 |   184 |       |       |       |       |       ||   530
       Skin              |       |       |     4 |    24 |       |       |       |       |       ||    28
       Ring mail         |       |       |       |    30 |    51 |       |       |       |       ||    81
       Plate armour      |       |       |       |       |   581 |   572 |   249 |   201 |       ||  1603
       Gold dragon scale |       |       |       |       |       |       |       |   388 |   326 ||   714
Dodge: Dodged            |    30 |    70 |   127 |   421 |   790 |   566 |   219 |   377 |   186 ||  2786
Block: Shield            |    40 |   149 |   196 |   639 |  1566 |  1793 |   803 |  1774 |   731 ||  7691
       Rpst.: Long sword |     8 |    21 |    33 |   117 |   159 |   124 |    39 |    57 |    34 ||   592

Table legend:
 A = Non-vault XP
 B = Vault XP
 C = Vault XP percentage of total XP
 D = Non-vault monster count
 E = Vault monster count
 F = Vault count percentage of total count
                 A         B        C        D         E       F
            +---------+---------+-------+---------+---------+-------
      Total |  801643 |  392744 |  32.9 |    1978 |     722 |  26.7
            +---------+---------+-------+---------+---------+-------
        D:1 |      46 |       0 |   0.0 |      18 |       0 |   0.0
        D:2 |      75 |       6 |   7.4 |      16 |       3 |  15.8
        D:3 |      57 |       2 |   3.4 |      27 |       2 |   6.9
        D:4 |      84 |       0 |   0.0 |       8 |       0 |   0.0
        D:5 |     521 |       0 |   0.0 |      15 |       0 |   0.0
        D:6 |    1500 |     259 |  14.7 |      24 |       2 |   7.7
        D:7 |     897 |    1388 |  60.7 |      17 |      11 |  39.3
        D:8 |    1081 |    1903 |  63.8 |      25 |      15 |  37.5
        D:9 |    2540 |       0 |   0.0 |      23 |       0 |   0.0
       D:10 |    2285 |       0 |   0.0 |      26 |       0 |   0.0
       D:11 |     932 |    1642 |  63.8 |       4 |      22 |  84.6
       D:12 |    3938 |    3599 |  47.8 |      24 |      12 |  33.3
       D:13 |    6624 |    8596 |  56.5 |      28 |      29 |  50.9
       D:14 |    9056 |     527 |   5.5 |      26 |       1 |   3.7
       D:15 |   10205 |    9956 |  49.4 |      41 |      18 |  30.5
     Lair:1 |    1870 |    1716 |  47.9 |       6 |      24 |  80.0
     Lair:2 |    1652 |    1253 |  43.1 |       9 |       3 |  25.0
     Lair:3 |    2221 |     107 |   4.6 |      10 |       1 |   9.1
     Lair:4 |    4850 |    6822 |  58.4 |      20 |      14 |  41.2
     Lair:5 |    4909 |    2410 |  32.9 |      19 |       4 |  17.4
     Lair:6 |    4826 |   10633 |  68.8 |      20 |      37 |  64.9
   Spider:1 |   12397 |    4386 |  26.1 |      36 |       2 |   5.3
   Spider:2 |   11537 |    3381 |  22.7 |      39 |       1 |   2.5
   Spider:3 |    7378 |    1713 |  18.8 |      26 |       6 |  18.8
   Spider:4 |   14147 |   31415 |  69.0 |      42 |      45 |  51.7
      Orc:1 |    6461 |       0 |   0.0 |      65 |       0 |   0.0
      Orc:2 |    4647 |    8482 |  64.6 |      45 |      34 |  43.0
      Elf:1 |    9142 |    8085 |  46.9 |      15 |      23 |  60.5
   Depths:1 |   23435 |    8211 |  25.9 |      32 |       7 |  17.9
   Depths:2 |    3927 |   94502 |  96.0 |       6 |     136 |  95.8
   Depths:3 |   28797 |   57820 |  66.8 |      40 |      50 |  55.6
       Hell |   12802 |   20769 |  61.9 |      19 |      41 |  68.3
      Dis:1 |   41868 |       0 |   0.0 |      70 |       0 |   0.0
      Dis:2 |  102570 |       0 |   0.0 |     168 |       0 |   0.0
      Dis:3 |   13026 |    7747 |  37.3 |      20 |      21 |  51.2
      Dis:4 |   41511 |       0 |   0.0 |      90 |       0 |   0.0
      Dis:5 |   30441 |       0 |   0.0 |      62 |       0 |   0.0
      Dis:6 |   26124 |       0 |   0.0 |      59 |       0 |   0.0
      Dis:7 |   21571 |   30135 |  58.3 |      38 |      19 |  33.3
      Geh:1 |   28302 |    4037 |  12.5 |      81 |       4 |   4.7
      Geh:2 |   25124 |       0 |   0.0 |      58 |       0 |   0.0
      Geh:3 |   68604 |    3409 |   4.7 |     150 |       2 |   1.3
      Geh:4 |   51924 |       0 |   0.0 |      90 |       0 |   0.0
      Geh:5 |   53643 |       0 |   0.0 |     112 |       0 |   0.0
      Geh:6 |   42930 |       0 |   0.0 |     100 |       0 |   0.0
      Geh:7 |   59166 |   43785 |  42.5 |     109 |      41 |  27.3
    Abyss:3 |       0 |    3257 | 100.0 |       0 |       5 | 100.0
    Ossuary |       0 |     921 | 100.0 |       0 |      28 | 100.0
      IceCv |       0 |    9870 | 100.0 |       0 |      59 | 100.0
            +---------+---------+-------+---------+---------+-------

Vault maps used:
D:1:      arrival_aquarium_b, glass_columns_b
D:2:      old_standard_altar, first_ration, minmay_ruptured
D:3:      lemuel_round_altar, old_standard_altar, tso_oasis_becter,
          grunt_ministairs_9
D:4:      nicolae_ru_awakened_eye, zin_statuary, minitemple
D:5:      lightli_ossuary_entry_decrepit_ruins
D:6:      okawaru_ov_weapons_minmay, minmay_temple_entry_mist
D:7:      kennysheep_little_box, trog_ov_bears_minmay, basic_altar,
          gammafunk_ghost_icy, the_bakery, uniq_crazy_yiuf_cottage
D:8:      nicolae_qazlal_style_of_elements, lemuel_mausoleum_altar_yredelemnul,
          uniq_pikel, uniq_joseph, uniq_maurice
D:9:      kennysheep_mini, dpeg_lair_monsters, hex_medium
D:10:     serial_shops, kennysheep_mini_moat
D:11:     erik_orc_2, uniq_erolcha
D:12:     lemuel_ice_statue, lightli_minifort, uniq_josephine
D:13:     david_vaults_3, serial_shops, shop, uniq_azrael
D:14:     hangedman_abyss_or_decor_slice, lemuel_oklob_altar
D:15:     grunt_enter_depths_magical_seal, minmay_misc_feat_roman,
          einodemon_crawler_minivault
Lair:1:   special_room
Lair:2:   grunt_forest_large_clearing_hut
Lair:3:   ebering_ghost_funeral_grove, grunt_megastairs_4,
          minmay_lair_oklob_chamber, lemuel_fruit_tree
Lair:4:   gammafunk_cloud_chamber, minmay_shoals_entry_beasts,
          spider_nest_entry_rubble, beast_lair_carwin_4, serial_bayou_shore_a,
          uniq_nessos, uniq_kirke
Lair:5:   minmay_lindwurm_lava
Lair:6:   hangedman_lair_tendril_chambers, minmay_slime_entry_oklob_open,
          minivault_25
Spider:1: uniq_agnes, uniq_rupert
Spider:2: uniq_arachne
Spider:3: spider_trap, guppyfry_spider_mini_3
Spider:4: grunt_spider_rune_circles, portal_ice_cave_entry_pillars_three,
          uniq_asterion
Orc:1:    serial_shops, nicolae_shop_crystal
Orc:2:    st_orc_elflike, guppyfry_library_mini
Elf:1:    eino_elf_arrival_customs, orc_legates, minmay_misc_feat_columns,
          hex_tiny, roderic_lattice_octagonal_star
Depths:1: hell_entry, abyss_entry_small_statue_room,
          ploomutoo_gammafunk_ghost_potion_laboratory, hangedman_decor_lopped,
          hangedman_corner_corridor, serial_bayou_shore_b, serial_bayou_shore_b,
          serial_bayou_shore_b
Depths:2: grunt_profane_halls, hell_entry
Depths:3: lemuel_traditional_vault, grunt_hell_horde, pan_entry,
          minmay_misc_feat_tiny, nicolae_abyss_entry_one_way_or_another,
          dpeg_stationary_puzzle, serial_bayou_shore_b,
          minmay_staircase_statues, minmay_shop_grove, uniq_frederick,
          uniq_margery
Dis:3:    lightli_tower_of_babel, hangedman_dis_decor_blocks_mantle
Dis:7:    iron_city_of_dis, nrook_loot_triangle, nicolae_dis_strange_trophy_room
Geh:1:    grunt_megastairs_3
Geh:3:    nicolae_geh_amphitheater, grunt_megastairs_5
Geh:7:    geh_old
Abyss:3:  gammafunk_abyss_exit_x_factor, hangedman_abyss_rune_macabre_mess,
          evilmike_abyss_exit_glass
Ossuary:  ossuary_minmay_scorpions
IceCv:    ice_cave_caverns_01

Table legend:
 A = Turns spent in this place as a percentage of turns spent in the entire game.
 B = Non-inter-level travel turns spent in this place as a percentage of non-inter-level travel turns spent in the entire game.
 C = Inter-level travel turns spent in this place as a percentage of turns spent in this place.
 D = Turns resting spent in this place as a percentage of non-inter-level travel turns spent in this place.
 E = Turns spent auto-exploring this place as a percentage of non-inter-level travel turns spent in this place.
 F = Non-inter-level travel turns spent in this place divided by the number of levels of this place that you've seen.
                   A       B       C       D       E      F
               +-------+-------+-------+-------+-------+----------------------
         Total | 100.0 | 100.0 |   4.1 |  26.9 |  23.9 | 1235.8
       Dungeon |  23.4 |  22.9 |   6.2 |  12.7 |  46.0 | 925.1
          Lair |  13.7 |  13.7 |   4.3 |  30.4 |  29.4 | 1384.3
   Spider Nest |  14.1 |  14.2 |   3.7 |  49.0 |  14.4 | 2146.8
  Orcish Mines |   4.4 |   4.3 |   5.6 |  30.9 |  28.2 | 1312.0
   Elven Halls |   1.8 |   1.9 |   0.0 |  36.0 |   5.3 | 1138.0
        Depths |  14.0 |  14.4 |   1.5 |  38.0 |  14.7 | 2904.3
          Hell |   3.2 |   3.3 |   0.2 |  54.6 |   9.9 | 2013.0
           Dis |  11.1 |  10.8 |   6.6 |  15.1 |   9.9 | 931.0
       Gehenna |  10.6 |  10.7 |   3.2 |   7.9 |  18.5 | 928.9
         Abyss |   0.1 |   0.1 |   0.0 |   0.0 |   0.0 |  41.0
       Ossuary |   1.3 |   1.4 |   0.0 |  45.4 |   4.9 | 832.0
      Ice Cave |   2.2 |   2.3 |   0.0 |  20.6 |  16.8 | 1406.0
               +-------+-------+-------+-------+-------+----------------------

Table legend:
 A = Kills in this place as a percentage of kills in entire the game.
 B = Kills by you in this place as a percentage of kills by you in the entire game.
 C = Kills by friends in this place as a percentage of kills by friends in the entire game.
 D = Other kills in this place as a percentage of other kills in the entire game.
 E = Experience gained in this place as a percentage of experience gained in the entire game.
 F = Experience gained in this place divided by the number of levels of this place that you have seen.
                   A       B       C       D       E      F
               +-------+-------+-------+-------+-------+----------------------
         Total | 100.0 | 100.0 | 100.0 | 100.0 | 100.0 | 24375.2
       Dungeon |  16.2 |  19.6 |   0.6 |   0.0 |   5.7 | 4514.6
          Lair |   6.2 |   7.5 |   0.0 |   0.0 |   3.6 | 7211.5
   Spider Nest |   7.3 |   8.7 |   0.4 |  33.3 |   7.2 | 21588.5
  Orcish Mines |   5.3 |   5.8 |   3.1 |   0.0 |   1.6 | 9795.0
   Elven Halls |   1.4 |   1.7 |   0.2 |   0.0 |   1.4 | 17227.0
        Depths |  10.0 |   9.2 |  13.8 |  11.1 |  18.1 | 72230.7
          Hell |   2.2 |   1.4 |   6.3 |   0.0 |   2.8 | 33571.0
           Dis |  20.3 |  20.9 |  17.6 |   0.0 |  26.4 | 44999.0
       Gehenna |  27.7 |  21.3 |  56.8 |  55.6 |  31.9 | 54417.7
         Abyss |   0.2 |   0.1 |   0.4 |   0.0 |   0.3 | 3257.0
       Ossuary |   1.0 |   1.3 |   0.0 |   0.0 |   0.1 | 921.0
      Ice Cave |   2.2 |   2.5 |   0.6 |   0.0 |   0.8 | 9870.0
               +-------+-------+-------+-------+-------+----------------------
